 Dungeon Crawl Stone Soup version 0.23.2-33-g5129a83184 (webtiles) character file.

Game seed: 9495986063124995075

42 FishyPogo the Scratcher (level 3, 0/16 HPs)
             Began as a Felid Transmuter on Aug 6, 2019.
             Succumbed to an adder's poison
             ... on level 2 of the Dungeon.
             The game lasted 00:08:35 (1266 turns).

FishyPogo the Scratcher (Felid Transmuter)          Turns: 1266, Time: 00:08:36

Health: 0/16       AC:  2    Str: 11    XL:     3   Next: 35%
Magic:  4/7        EV: 21    Int: 19    God:
Gold:   71         SH:  0    Dex: 22    Spells: 0/6 levels left
                                        Lives:  0   Deaths: 0

rFire    . . .     SeeInvis +     - Unarmed
rCold    . . .     Gourm    .   (shield unavailable)
rNeg     . . .     Faith    .   (armour unavailable)
rPois    x         Spirit   .   (helmet unavailable)
rElec    .         Reflect  .   (cloak unavailable)
rCorr    .         Harm     .   (gloves unavailable)
MR       .....                  (boots unavailable)
Stlth    +++.......             (no amulet)
HPRegen  0.05/turn              j - ring of stealth
MPRegen  0.10/turn              (no ring)

@: mighty, brilliant, lethally poisoned (0 -> -2), spider-form, flying
A: tiny, no armour, no weapons or thrown items, stealth, see invisible,
carnivore, slow metabolism 1
a: End Transformation


You were on level 2 of the Dungeon.
You were completely stuffed.
You were a venomous arachnid creature.
You visited 1 branch of the dungeon, and saw 2 of its levels.

You collected 71 gold pieces.

Inventory:

Missiles
 a - 28 arrows
Jewellery
 j - a ring of stealth (left front leg)
Scrolls
 d - a scroll of remove curse
 f - a scroll of identify
 g - 2 scrolls of amnesia
Potions
 e - a potion of might
Comestibles
 c - 2 rations
 h - 7 chunks of flesh


   Skills:
 * Level 1.7 Fighting
 - Level 3.0 Dodging
 * Level 3.4 Unarmed Combat
 + Level 2.3 Spellcasting
 * Level 2.6 Transmutations
 * Level 0.3 Poison Magic


You couldn't memorise any spells.
You knew the following spells:

 Your Spells              Type           Power        Failure   Level  Hunger
a - Beastly Appendage     Tmut           ###...       1%          1    #......
b - Sticks to Snakes      Tmut           ###.....     2%          2    ##.....
c - Spider Form           Tmut/Pois      ###.......   6%          3    ###....

Your spell library contained the following spells:

 Spells                   Type           Power        Failure   Level  Hunger
 Ice Form                 Ice/Tmut       ###.....     17%         4    #####..
 Blade Hands              Tmut           ###.......   24%         5    ######.


Dungeon Overview and Level Annotations

Branches:
Dungeon (2/15)

Altars:


Innate Abilities, Weirdness & Mutations

You cannot wear armour.
You are incapable of wielding weapons or throwing items.
Your paws allow you to move quietly. (Stealth)
((You have sharp claws.))
((You have razor-sharp teeth.))
You have supernaturally acute eyesight. (SInv)
You are carnivorous and can eat meat at any time.
((You cover ground quickly.))
((You are covered in fur. (AC +1)))
You have a slow metabolism.
((Your sharp claws are effective at attacking unaware monsters.))


Message History

It was a potion of brilliance.
You feel clever all of a sudden.
It was a potion of flight.
You feel very buoyant.
You fly up into the air.
* * * LOW HITPOINT WARNING * * *
You feel sick.
As you read the scroll labeled XITIBB UPIV, it crumbles to dust.
You feel blessed for a moment.
It was a scroll of remove curse.
As you read the scroll labeled QIOZUI JEMECI, it crumbles to dust.
It is a scroll of identify.
g - 2 scrolls of amnesia
Casting: Beastly Appendage (safe; 1% risk of failure)
Confirm with . or Enter, or press ? or * to list all spells.
You turn into a venomous arachnid creature.
* * * LOW HITPOINT WARNING * * *
You feel sick.
* * * LOW HITPOINT WARNING * * *
You feel sick.
You die...

###############
#..†s.(.......#
.....###########.# ##
.## #.# ..
#########.##.#
#............#
#.#########.##
########.# ##.##
.........########...####
########................


There were no monsters in sight!

Vanquished Creatures
  An adder (D:2)
  An ooze (D:1)
  A bat (D:1)
  2 giant cockroaches (D:1)
  3 goblins
  4 hobgoblins
  2 jackals (D:1)
  4 kobolds
  A ball python (D:2)
  3 frilled lizards
  5 rats
27 creatures vanquished.

Notes
Turn   | Place    | Note
-------+----------+-------------------------------------------
     0 | D:1      | FishyPogo the Felid Transmuter began the quest for the Orb.
     0 | D:1      | Reached XP level 1. HP: 9/9 MP: 4/4
   509 | D:1      | Reached XP level 2. HP: 10/12 MP: 4/6
   528 | D:1      | Learned a level 2 spell: Sticks to Snakes
  1107 | D:2      | Reached XP level 3. HP: 12/16 MP: 4/7
  1109 | D:2      | Noticed an ogre
  1145 | D:2      | Learned a level 3 spell: Spider Form
  1266 | D:2      | Succumbed to an adder's poison

Skill      XL: |  1  2 |
---------------+-------+-----
Dodging        | 3 |  3.0
Fighting       | |  1.7
Unarmed Combat | |  3.4
Spellcasting   | |  2.3
Transmutations | |  2.6
Poison Magic   | |  0.3

Action                   || total
-------------------------++-------
Melee: Unarmed           ||    62
       Bite              ||     1
       Headbutt          ||     3
       Punch             ||     1
 Cast: Beastly Appendage ||    13
       Spider Form       ||     1
  Use: Potion            ||     3
       Scroll            ||     2
 Stab: Sleeping          ||     9
       Distracted        ||     1
  Eat: Chunk             ||     8
Armor: Skin              ||     1
Dodge: Dodged            ||    28
